 Dungeon Crawl Stone Soup version 0.28-a0-413-gde365fb1df (webtiles) character file.

Game seed: 11729362508402815502

1631 heikuro the Slasher (level 9, -1/69 HPs)
             Began as a Formicid Fighter on Sept 8, 2021.
             Was an Elder of Zin.
             Slain by a vampire mosquito (9 damage)
             ... on level 7 of the Dungeon.
             The game lasted 00:12:46 (7255 turns).

heikuro the Slasher (Formicid Fighter)              Turns: 7255, Time: 00:12:46

Health: -1/69      AC: 20    Str: 23    XL:     9   Next: 18%
Magic:  11/12      EV: 10    Int:  9    God:    Zin [****..]
Gold:   357        SH:  5    Dex: 10    Spells: 8/8 levels left

rFire   . . .      SeeInvis +   a - +0 long sword
rCold   . . .      Faith    .   c - +0 buckler
rNeg    + + .      Spirit   .   v - +7 ring mail of the Desolation of Salt {Drain rPois rN+}
rPois   +          Reflect  .   (helmet unavailable)
rElec   .          Harm     .   g - +1 cloak
rCorr   .          Rampage  +   b - +0 pair of gloves
Will    .....                   y - +2 pair of boots {rampage}
Stlth   ..........              (no amulet)
HPRegen 0.21/turn               r - ring of positive energy
MPRegen 0.13/turn               (no ring)

@: on recite cooldown
A: permanent stasis, dig shafts and tunnels, antennae 3, four strong arms
a: Dig, Shaft Self, Renounce Religion, Recite, Vitalisation, Imprison, Donate
Gold


You were on level 7 of the Dungeon.
You worshipped Zin.
Zin was greatly pleased with you.
You visited 2 branches of the dungeon, and saw 8 of its levels.

You collected 396 gold pieces.
You donated 39 gold pieces to Zin.

Inventory:

Hand Weapons
 a - a +0 long sword (weapon)
Missiles
 e - 3 silver boomerangs
 A - 4 silver javelins
Armour
 b - a +0 pair of gloves (worn)
 c - a +0 buckler (worn)
 g - a +1 cloak (worn)
 m - a +0 chain mail
 v - the +7 ring mail of the Desolation of Salt (worn) {Drain rPois rN+}
   (You found it on level 6 of the Dungeon)

   rPois:     It protects you from poison.
   rN:        It protects you from negative energy.
   Drain:     It drains your maximum health when unequipped.
 y - a +2 pair of boots of rampaging (worn)
Jewellery
 r - a ring of positive energy (left hand)
Wands
 i - a wand of iceblast (4)
 p - a wand of flame (8)
 w - a wand of paralysis (3)
 B - a wand of mindburst (7)
Scrolls
 f - 2 scrolls of amnesia
 h - a scroll of vulnerability {unknown}
 j - a scroll of magic mapping {unknown}
 l - a scroll of noise {unknown}
 n - 4 scrolls of identify
 o - a scroll of fear {unknown}
 q - 2 scrolls of holy word
 s - a scroll of enchant weapon {unknown}
 u - a scroll of blinking {unknown}
 x - a scroll of immolation {unknown}
 z - a scroll of torment {unknown}
Potions
 d - 2 potions of might
 k - a potion of heal wounds
 t - 2 potions of curing


   Skills:
 + Level 6.0 Fighting
 * Level 6.8 Long Blades
 + Level 6.0 Armour
 + Level 6.6 Shields
 + Level 4.0 Invocations


You had 8 spell levels left.
You didn't know any spells.
Your spell library contained the following spells:

 Spells                   Type           Power      Damage    Failure   Level
 Sandblast                Erth           0%         2d4       52%         1
 Corpse Rot               Necr/Air       N/A        N/A       67%         2
 Passwall                 Tmut/Erth      0%         N/A       67%         2
 Poisonous Vapours        Pois/Air       0%         N/A       67%         2
 Slow                     Hex            0%         N/A       67%         2
 Confusing Touch          Hex            0%         N/A       88%         3
 Lesser Beckoning         Tloc           0%         N/A       88%         3
 Stone Arrow              Conj/Erth      0%         3d7       88%         3
 Manifold Assault         Tloc           0%         N/A       100%        5
 Yara's Violent Unravell  Hex/Tmut       0%         3d3       100%        5
 Blink                    Tloc           Unusable   N/A       N/A         2

Dungeon Overview and Level Annotations

Branches:
Dungeon (7/15)             Temple (1/1) D:7

Altars:
Dithmenos
Fedhas
Hepliaklqana
Kikubaaqudgha
Makhleb
Nemelex Xobeh
Okawaru
Qazlal
Ru
Trog
Uskayaw
Wu Jian
Xom
Yredelemnul
Zin
The Shining One

Annotations:
D:2 Crazy Yeuf
D:4 2 transporters


Innate Abilities, Weirdness & Mutations

You cannot be hasted, slowed, berserked, paralysed or teleported.
You can dig through walls and to a lower floor.
You have a pair of large antennae on your head. (SInv)
Your four strong arms can wield two-handed weapons with a shield.


Message History

You block the vampire mosquito's attack.
The vampire mosquito barely misses you.
You hit the vampire mosquito.
The vampire mosquito is almost destroyed.
The vampire mosquito bites you but does no damage. x2
You slash the vampire mosquito!
You destroy the vampire mosquito!
Zin accepts your kill.
The vampire mosquito bites you but does no damage.
Your Fighting skill increases to level 6!
Your Armour skill increases to level 6!
Your Invocations skill increases to level 4!
You slash the vampire mosquito!
The vampire mosquito is severely damaged.
The vampire mosquito closely misses you.
The vampire mosquito bites you!
* * * LOW HITPOINT WARNING * * *
The vampire mosquito draws strength from your injuries!
You miss the vampire mosquito.
The vampire mosquito is heavily damaged.
The vampire mosquito bites you.
* * * LOW HITPOINT WARNING * * *
The vampire mosquito barely misses you.
You barely miss the vampire mosquito.
The vampire mosquito is heavily damaged.
The vampire mosquito bites you but does no damage. x2
You barely miss the vampire mosquito.
The vampire mosquito is heavily damaged.
The vampire mosquito misses you.
The vampire mosquito bites you but does no damage.
You hit the vampire mosquito.
The vampire mosquito is severely damaged.
The vampire mosquito bites you!
* * * LOW HITPOINT WARNING * * *
The vampire mosquito draws strength from your injuries!
You block the vampire mosquito's attack.
You miss the vampire mosquito.
The vampire mosquito is severely damaged.
The vampire mosquito bites you!
You die...

## . ..#..
... ...
###.# #..$#
#y# #@# #.#
#.# #.# #.#
#.#
#.######
#.# #......
#.#
#####.##..#
#.#
#.........#


You could see a vampire mosquito.

Vanquished Creatures
  3 vampire mosquitoes (D:7)
  3 ogres
  A black bear (D:6)
  A sky beast (D:6)
  A centaur (D:6)
  A scorpion (D:4)
  A water moccasin zombie (D:6)
  A vampire bat (D:5)
  A hound (D:6)
  3 orc priests
  2 iguanas
  Jessica (D:2)
  2 orc wizards
  A killer bee zombie (D:7)
  A hound skeleton (D:5)
  2 gnolls (D:3)
  10 adders
  2 ufetubi (D:3)
  2 adder skeletons
  A worm (D:2)
  4 dart slugs
  3 fire bats (D:5)
  8 orcs
  18 bats
  3 bat skeletons (D:5)
  A bat zombie (D:5)
  4 endoplasms
  3 giant cockroaches
  6 goblins
  11 hobgoblins
  11 kobolds
  9 quokkas
  5 ball pythons
  A bat simulacrum (D:5)
  3 frilled lizards
  5 rats
135 creatures vanquished.

Vanquished Creatures (others)
  2 spectral bats (D:5)
  5 fungi (D:2)
  18 plants
25 creatures vanquished.

Grand Total: 160 creatures vanquished

Notes
Turn   | Place    | Note
-------+----------+-------------------------------------------
     0 | D:1      | heikuro the Formicid Fighter began the quest for the Orb.
     0 | D:1      | Reached XP level 1. HP: 18/18 MP: 1/1
   179 | D:1      | Reached XP level 2. HP: 24/24 MP: 2/2
   730 | D:1      | Reached XP level 3. HP: 29/29 MP: 3/3
  1351 | D:2      | Reached XP level 4. HP: 30/37 MP: 4/4
  2145 | D:2      | Noticed Jessica
  2146 | D:2      | Killed Jessica
  2147 | D:2      | Reached XP level 5. HP: 42/42 MP: 5/5
  3861 | D:4      | Found a transporter.
  4122 | D:4      | Found a glowing silver altar of Zin.
  4210 | D:4      | Became a worshipper of Zin the Law-Giver
  4230 | D:4      | Reached XP level 6. HP: 48/48 MP: 6/6
  4307 | D:4      | Reached * piety under Zin
  4498 | D:4      | Found a shadowy altar of Dithmenos.
  4538 | D:4      | Reached skill level 5 in Shields
  4686 | D:4      | Found a transporter.
  4847 | D:4      | Found a bloodstained altar of Trog.
  4977 | D:5      | Entered Level 5 of the Dungeon
  5005 | D:5      | Reached ** piety under Zin
  5018 | D:5      | Noticed an ogre
  5027 | D:5      | Killed an ogre
  5028 | D:5      | Reached skill level 1 in Invocations
  5028 | D:5      | Reached XP level 7. HP: 45/55 MP: 7/7
  5416 | D:5      | Reached skill level 5 in Long Blades
  5607 | D:5      | Reached skill level 5 in Fighting
  5607 | D:5      | Reached skill level 5 in Armour
  5649 | D:5      | Reached *** piety under Zin
  5659 | D:5      | Reached XP level 8. HP: 58/62 MP: 9/9
  6077 | D:6      | Identified the +7 ring mail of the Desolation of Salt
                  | {Drain rPois rN+}
  6748 | D:6      | Reached **** piety under Zin
  6907 | D:7      | Found a staircase to the Ecumenical Temple.
  6923 | Temple   | Entered the Ecumenical Temple
  7234 | D:7      | Reached XP level 9. HP: 62/69 MP: 11/11
  7255 | D:7      | Slain by a vampire mosquito

Illustrated notes

Levels and vault maps discovered:
D:1:      dpeg_arrival_rooms_with_view, layout_basic, serial_forest,
          infiniplex_forest_zigzag_1, infiniplex_forest_clump_diagonal,
          infiniplex_forest_lined_2, infiniplex_forest_corner_1,
          infiniplex_forest_lined_3, infiniplex_forest_end_double,
          minmay_tetromino_l4
D:2:      layout_loops_corners, kennysheep_crisscross, uniq_jessica,
          uniq_crazy_yiuf_cottage
D:3:      wad_woods_tower, layout_basic, kennysheep_path_1, hex_tiny,
          kennysheep_cross_bottleneck
D:4:      gammafunk_steamed_eel, layout_gridville, overflow_temple_1_default,
          lemuel_tele_altar, trog_book
D:5:      layout_rooms, supply_closet_lemuel, goddamned_bats
D:6:      layout_loops_cross
D:7:      layout_loops_ring, lemuel_coloured_pillars_altar,
          nicolae_overflow_hidden_temple, minmay_temple_entry_stoned_glass
Temple:   oiseaux_autumnal_temple

Skill      XL: |  1  2  3  4  5  6  7  8  9 |
---------------+----------------------------+-----
Shields        | 4 5 6 |  6.6
Long Blades    | 3 4 5 6 |  6.8
Fighting       | 4 5 6 |  6.0
Armour         | 4 5 6 |  6.0
Invocations    | 1 2 3 4 |  4.0

Action                   |  1- 3 |  4- 6 |  7- 9 || total
-------------------------+-------+-------+-------++-------
Melee: Long sword        |   103 |   234 |   178 ||   515
Invok: Recite            |       |     1 |     9 ||    10
Evoke: Wand              |       |     2 |       ||     2
  Use: Scroll            |       |     5 |     3 ||     8
Armor: Scale mail        |    57 |    32 |       ||    89
       Chain mail        |       |   140 |    90 ||   230
       Ring mail         |       |       |    64 ||    64
Dodge: Dodged            |    54 |    82 |   106 ||   242
Block: Buckler           |    15 |    56 |    58 ||   129

Table legend: (Time is in decaauts)
 A = Elapsed time spent in this place.
 B = Non-inter-level travel time spent in this place.
 C = Inter-level travel time spent in this place.
 D = Time resting spent in this place.
 E = Time spent auto-exploring this place.
 F = Levels seen in this place.
 G = Mean time per level.
                   A        B        C        D        E       F      G
               +--------+--------+--------+--------+--------+-----+--------+
         Total |   7373 |   7034 |    339 |   1651 |   3690 |   8 |  921.6 |
       Dungeon |   7094 |   6785 |    309 |   1651 |   3453 |   7 | 1013.4 |
        Temple |    279 |    249 |     30 |      0 |    236 |   1 |  279.0 |
               +--------+--------+--------+--------+--------+-----+--------+

Top non-repeatable levels by time:
     D:3: 1846 daAuts
     D:2: 1231 daAuts
     D:1: 1154 daAuts
     D:5: 946 daAuts
     D:4: 945 daAuts
     D:6: 879 daAuts
  Temple: 279 daAuts
     D:7: 90 daAuts
